 Dungeon Crawl Stone Soup version 0.24.0-123-gd5b16e6ec5 (webtiles) character file.

Game seed: 8762963781566913691, levelgen mode: deterministic

126 Hasart the Digger (level 4, -3/30 HPs)
             Began as a Vampire Earth Elementalist on Jan 14, 2020.
             Slain by a worker ant (4 damage)
             ... on level 7 of the Dungeon.
             The game lasted 00:03:22 (2444 turns).

Hasart the Digger (Vampire Earth Elementalist)      Turns: 2444, Time: 00:03:23

Health: -3/30      AC:  3    Str:  7    XL:     4   Next: 84%
Magic:  2/8        EV: 13    Int: 18    God:
Gold:   186        SH:  0    Dex: 14    Spells: 7/8 levels left

rFire    . . .     SeeInvis +   f - +0 club
rCold    . . .     Gourm    .   (no shield)
rNeg     . . .     Faith    .   c - +0 robe
rPois    .         Spirit   .   (no helmet)
rElec    .         Reflect  .   (no cloak)
rCorr    .         Harm     .   (no gloves)
MR       .....                  l - +0 pair of boots
Stlth    ++........             (no amulet)
HPRegen  0.30/turn              (no ring)
MPRegen  0.11/turn              (no ring)

@: lethally poisoned (-3 -> -6), regenerating quickly
A: no food, fangs 3, see invisible, unbreathing
a: Exsanguinate


You were on level 7 of the Dungeon.
You were alive.

You visited 1 branch of the dungeon, and saw 5 of its levels.

You collected 186 gold pieces.

Inventory:

Hand Weapons
 f - a +0 club (weapon)
Missiles
 b - 190 stones (quivered)
Armour
 c - a +0 robe (worn)
 l - a +0 pair of boots (worn)
Scrolls
 a - a scroll of enchant armour {unknown}
 e - 2 scrolls of identify {unknown}
 j - 2 scrolls of fog {unknown}
 m - a scroll of fear {unknown}
 o - a scroll of teleportation {unknown}
Potions
 d - 3 potions of curing {unknown}
 g - a potion of lignification {unknown}
 h - a potion of agility {unknown}
 i - a potion of cancellation {unknown}
 k - 2 potions of brilliance {unknown}
 n - a potion of magic {unknown}


   Skills:
 + Level 3.2 Dodging
 - Level 3.0 Stealth
 + Level 2.9 Spellcasting
   Level 1.1 Transmutations
 * Level 4.5 Earth Magic


You had 7 spell levels left.
You knew the following spells:

 Your Spells              Type           Power        Failure   Level  Hunger
a - Sandblast             Erth           ###...       2%          1    N/A

Your spell library contained the following spells:

 Spells                   Type           Power        Failure   Level  Hunger
 Passwall                 Tmut/Erth      ##......     8%          2    N/A
 Stone Arrow              Conj/Erth      ##....       19%         3    N/A
 Petrify                  Tmut/Erth      ##......     45%         4    N/A
 Lee's Rapid Deconstruct  Erth           ###.......   56%         5    N/A

Dungeon Overview and Level Annotations

Branches:
Dungeon (7/15)
 Temple: D:4-7

Altars:


Innate Abilities, Weirdness & Mutations

You do not eat.
Your natural rate of healing is unusually fast.
You have razor-sharp teeth.
You have supernaturally acute eyesight. (SInv)
You can survive without breathing.


Message History

* * * LOW HITPOINT WARNING * * *
You barely miss the bullfrog skeleton.
You bite the bullfrog skeleton, but do no damage.
The bullfrog skeleton is lightly damaged.
The bullfrog skeleton hits you but does no damage.
The bullfrog skeleton closely misses you.
You barely miss the bullfrog skeleton.
The bullfrog skeleton is lightly damaged.
The bullfrog skeleton closely misses you.
The worker ant closely misses you. The bullfrog skeleton hits you.
* * * LOW HITPOINT WARNING * * *
You hit the bullfrog skeleton.
The bullfrog skeleton is lightly damaged.
The worker ant bites you.
* * * LOW HITPOINT WARNING * * *
You are lethally poisoned!
The worker ant poisons you! The bullfrog skeleton hits you.
* * * LOW HITPOINT WARNING * * *
The worker ant bites you.
You die...

.... ....#
..........###
......#.....
...........#
...........###
.......#.....#
...$...Z....#
.......a@.#
#........##
#.......##
....##### ...
..


You could see a worker ant and a bullfrog skeleton.

Vanquished Creatures
  A bullfrog (D:6)
  2 adders
  2 worms (D:2)
  A dart slug (D:1)
  2 leopard geckos
  2 giant cockroaches (D:2)
  6 goblins
  4 hobgoblins
  A quokka (D:2)
  8 bats
  2 frilled lizards (D:2)
  A kobold (D:1)
  6 rats
38 creatures vanquished.

Notes
Turn   | Place    | Note
-------+----------+-------------------------------------------
     0 | D:1      | Hasart the Vampire Earth Elementalist began the quest for
                  | the Orb.
     0 | D:1      | Reached XP level 1. HP: 13/13 MP: 3/3
   316 | D:1      | Reached XP level 2. HP: 19/19 MP: 5/5
  1624 | D:2      | Reached XP level 3. HP: 24/24 MP: 3/6
  2299 | D:2      | Reached skill level 4 in Earth Magic
  2411 | D:3      | You fall into a shaft and drop 3 floors!
  2412 | D:6      | Noticed a bullfrog
  2424 | D:6      | Killed a bullfrog
  2424 | D:6      | Reached XP level 4. HP: 30/30 MP: 2/8
  2444 | D:7      | HP: 1/30 [bullfrog skeleton (2)]
  2444 | D:7      | Slain by a worker ant

Levels and vault maps discovered:
D:1:      lightli_arrival_farm, layout_loops_corners
D:2:      layout_basic, minmay_tetromino_t4
D:3:      layout_rooms, first_ration, uniq_terence
D:6:      minmay_flawed_box, layout_basic, minmay_temple_entry_statues_pillars
D:7:      layout_cave_pools, bloody_trog

Skill      XL: |  1  2  3 |
---------------+----------+-----
Earth Magic    | 4 |  4.5
Dodging        | 3 |  3.2
Stealth        | |  3.0
Spellcasting   | |  2.9
Transmutations | |  1.1

Action                   |  1- 3 |  4- 6 || total
-------------------------+-------+-------++-------
Melee: Club              |    81 |     7 ||    88
       Bite              |     7 |     1 ||     8
 Cast: Sandblast         |    31 |     3 ||    34
 Stab: Sleeping          |    10 |       ||    10
Armor: Robe              |    29 |     3 ||    32
Dodge: Dodged            |    73 |     6 ||    79
